 Dungeon Crawl Stone Soup version 0.24.0-41-g2ae2f7f1be (webtiles) character file.

Game seed: 15903595783627982807, levelgen mode: deterministic

10 ReteAZ the Vexing (level 2, -3/26 HPs)
             Began as a Troll Arcane Marksman on Dec 12, 2019.
             Slain by a kobold
             ... wielding a +0 short sword
              (7 damage)
             ... on level 1 of the Dungeon.
             The game lasted 00:00:31 (41 turns).

ReteAZ the Vexing (Troll Arcane Marksman)             Turns: 41, Time: 00:00:31

Health: -3/26      AC:  6    Str: 17    XL:     2   Next: 10%
Magic:  2/2        EV: 10    Int:  9    God:
Gold:   0          SH:  0    Dex: 10    Spells: 2/3 levels left

rFire    . . .     SeeInvis .     - Unarmed
rCold    . . .     Gourm    +   (no shield)
rNeg     . . .     Faith    .   a - +0 robe
rPois    .         Spirit   .   (helmet restricted)
rElec    .         Reflect  .   (no cloak)
rCorr    .         Harm     .   (gloves unavailable)
MR       .....                  (boots unavailable)
Stlth    +.........             (no amulet)
HPRegen  0.48/turn              (no ring)
MPRegen  0.08/turn              (no ring)

@: no status effects
A: large, unfitting armour, claws 3, fast metabolism 3, gourmand, regeneration
1, shaggy fur 1, tough skin 3
a: no special abilities


You were on level 1 of the Dungeon.
You were not hungry.

You visited 1 branch of the dungeon, and saw 1 of its levels.

Inventory:

Missiles
 c - 4 large rocks (quivered)
 d - 2 throwing nets
Armour
 a - a +0 robe (worn)
Scrolls
 e - a scroll of remove curse {unknown}
Potions
 b - a potion of curing {unknown}
Comestibles
 f - 2 rations


   Skills:
 - Level 0.7 Fighting
 - Level 1.7 Throwing
 - Level 1.5 Dodging
 + Level 1.8 Unarmed Combat
 - Level 1.0 Spellcasting
 - Level 2.0 Hexes


You had 2 spell levels left.
You knew the following spells:

 Your Spells              Type           Power        Failure   Level  Hunger
a - Corona                Hex            #......      16%         1    ##.....

Your spell library contained the following spells:

 Spells                   Type           Power        Failure   Level  Hunger
 Slow                     Hex            #.......     24%         2    ###....
 Inner Flame              Hex/Fire       #.......     58%         3    ####...
 Portal Projectile        Hex/Tloc       #.....       58%         3    ####...
 Cause Fear               Hex            #.........   85%         4    #####..
 Leda's Liquefaction      Hex/Erth       #.........   94%         4    #####..


Dungeon Overview and Level Annotations

Branches:
Dungeon (1/15)

Altars:


Innate Abilities, Weirdness & Mutations

You are too large for most types of armour.
You have claws for hands.
Your metabolism is lightning-fast.
You like to eat raw meat.
Your natural rate of healing is unusually fast.
You are covered in fur. (AC +1)
You have extremely tough skin. (AC +3)


Message History

The kobold hits you but does no damage.
You are too injured to fight recklessly!
You are too injured to fight recklessly!
You are too injured to fight recklessly!
You are too injured to fight recklessly!
You are too injured to fight recklessly!
You are too injured to fight recklessly!
You are too injured to fight recklessly!
You are too injured to fight recklessly!
You are too injured to fight recklessly!
You are too injured to fight recklessly!
You are too injured to fight recklessly!
You are too injured to fight recklessly!
Unknown command.
You closely miss the gnoll. The gnoll barely misses you.
The kobold hits you with a +0 short sword.
* * * LOW HITPOINT WARNING * * *
You barely miss the gnoll. The gnoll barely misses you.
The kobold hits you with a +0 short sword!
You die...

........ ....... .....#
#....#### ######..#....
.# .........#.......
..#...†.†##.....
#......(@g...... ##+##
##.###..†K..$...
#...######.###.#........
+.<.'.'.'...)...........
#...#####...............
##+##.....#.......?.####
#......#....>.?.##
#......#........#
#.............(.#


You could see a gnoll and a kobold.

Vanquished Creatures
  An ooze (D:1)
  A giant cockroach (D:1)
  A goblin (D:1)
  2 bats (D:1)
  A frilled lizard (D:1)
6 creatures vanquished.

Notes
Turn   | Place    | Note
-------+----------+-------------------------------------------
     0 | D:1      | ReteAZ the Troll Arcane Marksman began the quest for the
                  | Orb.
     0 | D:1      | Reached XP level 1. HP: 18/18 MP: 1/1
    32 | D:1      | Reached skill level 1 in Unarmed Combat
    33 | D:1      | Reached XP level 2. HP: 26/26 MP: 2/2
    41 | D:1      | Slain by a kobold

Levels and vault maps discovered:
D:1:      minmay_arrival_doors, layout_rooms

Skill      XL: |  1 |
---------------+----+-----
Unarmed Combat | 1 |  1.8
Fighting       | |  0.7
Throwing       | |  1.7
Dodging        | |  1.5
Spellcasting   | |  1.0
Hexes          | |  2.0

Action                   || total
-------------------------++-------
Melee: Unarmed           ||    16
       Punch             ||     1
Armor: Robe              ||    15
Dodge: Dodged            ||    22
